 Dungeon Crawl Stone Soup version 0.22-a0-274-gf8199ec (webtiles) character file.

50 4thArraOfDagon the Chopper (level 4, 0/33 HPs)
             Began as a Formicid Warper on Mar 14, 2018.
             Succumbed to an adder's poison
             ... on level 4 of the Dungeon.
             The game lasted 00:00:55 (119 turns).

4thArraOfDagon the Chopper (Formicid Warper)         Turns: 119, Time: 00:00:55

Health: 0/33       AC:  3    Str: 16    XL:     4   Next: 4%
Magic:  7/7        EV: 12    Int: 13    God:
Gold:   0          SH:  0    Dex: 10    Spells: 7/7 levels left

rFire    . . .     SeeInvis +   a - +0 hand axe
rCold    . . .     Gourm    .   (no shield)
rNeg     . . .     Faith    .   b - +0 leather armour
rPois    .         Spirit   .   (helmet unavailable)
rElec    .         Reflect  .   (no cloak)
rCorr    .         Harm     .   (no gloves)
MR       .....                  (no boots)
Stlth    +.........             (no amulet)
HPRegen  0.11/turn              (no ring)
MPRegen  0.10/turn              (no ring)

@: lethally poisoned (0 -> -4)
A: permanent stasis, dig shafts and tunnels, four strong arms, antennae 3
a: Dig, Shaft Self


You were on level 4 of the Dungeon.
You were not hungry.

You visited 1 branch of the dungeon, and saw 3 of its levels.

Inventory:

Hand Weapons
 a - a +0 hand axe (weapon)
Missiles
 e - 5 tomahawks of dispersal (quivered)
Armour
 b - a +0 leather armour (worn)
Scrolls
 c - a scroll of teleportation {unknown}
 d - a scroll of blinking
Comestibles
 f - 2 rations


   Skills:
 - Level 2.2 Fighting
 * Level 3.7 Axes
 - Level 1.0 Throwing
 - Level 1.1 Armour
 - Level 2.1 Dodging
 - Level 2.1 Spellcasting
   Level 2.6 Translocations


You had 7 spell levels left.
You didn't know any spells.

Dungeon Overview and Level Annotations

Branches:
Dungeon (2/15)

Altars:

Shops:
D:4 ?


Innate Abilities, Weirdness & Mutations

You cannot be hasted, slowed, berserked, paralysed or teleported.
You can dig through walls and to a lower floor.
Your four strong arms can wield two-handed weapons with a shield.
You have a pair of large antennae on your head. (SInv)


Message History

You slash the adder!
You kill the adder!
You have reached level 4!
You feel stronger.
You feel a little less mighty now.
* * * LOW HITPOINT WARNING * * *
You feel sick.
You see here an adder corpse.
Unknown command.
Unknown command.
* * * LOW HITPOINT WARNING * * *
You feel sick.
Unknown command.
Unknown command.
* * * LOW HITPOINT WARNING * * *
You feel sick.
There is an entrance to Uxovos's Magic Scroll Shop here.
Unknown command.
Unknown command.
You die...

### ...## ############
#....###.#........#
#......#.#........####
###.#.....#...........
........∩..........#
###..#............#
#.....@.....†.....#
#..............)..#
#........###.##..##
..........#.$.###.#
..............###.####
##..........#........###
............#######.....
##........#.# #####..###
... .<.........


There were no monsters in sight!

Vanquished Creatures
  A worker ant (D:4)
  2 adders
  An orc (D:4)
  2 goblins (D:1)
  A quokka (D:2)
  3 frilled lizards (D:1)
  A rat (D:1)
11 creatures vanquished.

Notes
Turn   | Place    | Note
-------+----------+-------------------------------------------
     0 | D:1      | 4thArraOfDagon the Formicid Warper began the quest for the Orb.
     0 | D:1      | Reached XP level 1. HP: 16/16 MP: 3/3
    74 | D:1      | You fall through a shaft!
    77 | D:2      | Reached XP level 2. HP: 17/22 MP: 5/5
    84 | D:2      | You fall through a shaft for 2 floors!
    90 | D:4      | Reached skill level 3 in Axes
    90 | D:4      | Reached XP level 3. HP: 15/27 MP: 6/6
   104 | D:4      | Found Uxovos's Magic Scroll Shop.
   112 | D:4      | Reached XP level 4. HP: 3/33 MP: 7/7
   115 | D:4      | HP: 1/33 [poisoned by an adder]
   119 | D:4      | Succumbed to an adder's poison

Vault maps used:
D:1:      enne_arrival_octagon_isle, minmay_misc_feat_plants,
          minmay_misc_feat_ornament
D:2:      makhleb_heckhound_becter, lightli_temple_of_fire
D:4:      kennysheep_little_box, gammafunk_temple_overflow_wave, first_ration,
          serial_shops, shop

Skill      XL: |  1  2 |
---------------+-------+-----
Dodging        | 2 |  2.1
Axes           | 3 |  3.7
Fighting       | |  2.2
Throwing       | |  1.0
Armour         | |  1.1
Spellcasting   | |  2.1
Translocations | |  2.6

Action                   |  1- 3 |  4- 6 || total
-------------------------+-------+-------++-------
Melee: Hand axe          |    23 |       ||    23
 Abil: Shaft Self        |     2 |       ||     2
  Use: Potion            |     1 |       ||     1
Armor: Leather armour    |     3 |       ||     3
Dodge: Dodged            |    15 |       ||    15

Table legend:
 A = Spawn XP
 B = Non-spawn XP
 C = Spawn XP percentage of total XP
 D = Spawn monster count
 E = Non-spawn monster count
 F = Spawn count percentage of total count
 G = Total turns spent on level
                    A         B        C        D         E        F      G
               +---------+---------+-------+---------+---------+-------+---------
         Total |       0 |      72 |   0.0 |       0 |      11 |   0.0 |   119
               +---------+---------+-------+---------+---------+-------+---------
           D:1 |       0 |       8 |   0.0 |       0 |       6 |   0.0 |    71
           D:2 |       0 |      16 |   0.0 |       0 |       2 |   0.0 |    13
           D:4 |       0 |      48 |   0.0 |       0 |       3 |   0.0 |    35
               +---------+---------+-------+---------+---------+-------+---------
